 Dungeon Crawl Stone Soup version 0.28-a0-1638-g9123634e07 (webtiles) character file.

Game seed: 6425274556687965971

2199 dolemite99 the Spear-Bearer (level 9, 0/61 HPs)
             Began as a Demonspawn Gladiator on Jan 26, 2022.
             Was a Believer of Makhleb.
             Slain by an orc warrior (5 damage)
             ... on level 6 of the Dungeon.
             The game lasted 00:06:48 (6518 turns).

dolemite99 the Spear-Bearer (Demonspawn Gladiator)  Turns: 6518, Time: 00:06:49

Health: 0/61       AC: 13    Str: 19    XL:     9   Next: 12%
Magic:  12/12      EV:  8    Int: 10    God:    Makhleb [**....]
Gold:   249        SH:  0    Dex: 22    Spells: 8/8 levels left

rFire   . . .      SeeInvis .   b - +3 hunting sling of Pandemonium {venom, Str+3 Dex+5}
rCold   . . .      Faith    .   (no shield)
rNeg    . . .      Spirit   .   F - +0 chain mail
rPois   .          Reflect  .   c - +0 helmet
rElec   .          Harm     .   D - +0 cloak
rCorr   .          Rampage  .   l - +0 pair of gloves
Will    .....                   (no boots)
Stlth   ..........              (no amulet)
HPRegen 0.20/turn               (no ring)
MPRegen 0.13/turn               (no ring)

@: about to teleport
A: ignite blood 1, spiny 1, sharp scales 2, demonic touch 2
a: Renounce Religion, Minor Destruction


You were on level 6 of the Dungeon.
You worshipped Makhleb.
Makhleb was pleased with you.
You visited 1 branch of the dungeon, and saw 7 of its levels.

You collected 249 gold pieces.

Inventory:

Hand Weapons
 a - a +1 trident
 b - the +3 hunting sling of Pandemonium (weapon) {venom, Str+3 Dex+5}
   (You found it on level 7 of the Dungeon)

   Any ammunition fired from it poisons the flesh of those it strikes.
   Str:       It affects your strength (+3).
   Dex:       It affects your dexterity (+5).
 x - a +0 battleaxe
Missiles
 d - 3 throwing nets
 f - 142 stones
 g - 3 silver boomerangs
 i - 72 arrows
 j - 58 sling bullets (quivered ammo)
 v - 13 poisoned darts
 w - 4 boomerangs
 K - 23 bolts
Armour
 c - a +0 helmet (worn)
 l - a +0 pair of gloves (worn)
 p - a +0 ring mail
 D - a +0 cloak (worn)
 F - a +0 chain mail (worn)
 L - a +0 leather armour
Magical Staves
 G - a staff of conjuration
Jewellery
 h - a ring of flight
 q - a ring of willpower
 A - a ring of resist corrosion
 B - a ring of magical power
Wands
 E - a wand of paralysis (8)
 I - a wand of polymorph (9)
Scrolls
 o - 2 scrolls of blinking
 r - 2 scrolls of noise
 C - a scroll of fear
Potions
 e - a potion of lignification {unknown}
 k - a potion of curing
 m - 3 potions of might
 n - a potion of berserk rage {unknown}
 s - 2 potions of heal wounds {unknown}
 t - 2 potions of haste
 u - a potion of degeneration {unknown}
 z - a potion of resistance {unknown}
 H - a potion of ambrosia {unknown}
 J - a potion of attraction {unknown}


   Skills:
 - Level 2.0 Fighting
 - Level 10.6 Polearms
 + Level 2.6(3.0) Slings
 - Level 1.7(2.5) Throwing
 - Level 2.6 Dodging
 + Level 4.0 Invocations


You had 8 spell levels left.
You didn't know any spells.
Your spell library contained the following spells:

 Spells                   Type           Power      Damage    Failure   Level
 Sting                    Tmut/Pois      0%         1d3       99%         1
 Summon Small Mammal      Summ           0%         N/A       99%         1
 Corpse Rot               Necr/Air       0%         N/A       100%        2
 Ensorcelled Hibernation  Hex/Ice        0%         N/A       100%        2
 Passwall                 Tmut/Erth      0%         N/A       100%        2
 Poisonous Vapours        Pois/Air       0%         N/A       100%        2
 Sublimation of Blood     Necr           0%         N/A       100%        2
 Call Canine Familiar     Summ           0%         N/A       100%        3
 Summon Guardian Golem    Hex/Summ       0%         N/A       100%        3
 Swiftness                Air            0%         N/A       100%        3
 Dispel Undead            Necr           0%         3d6       100%        4
 Olgreb's Toxic Radiance  Pois           0%         N/A       100%        4
 Petrify                  Tmut/Erth      0%         N/A       100%        4
 Fireball                 Conj/Fire      0%         3d3       100%        5
 Irradiate                Conj/Tmut      0%         3d13      100%        5
 Death Channel            Necr           0%         N/A       100%        6
 Starburst                Conj/Fire      0%         6d3       100%        6
 Ignition                 Fire           0%         3d3       100%        8


Dungeon Overview and Level Annotations

Branches:
Dungeon (7/15)             Temple (0/1) D:5

Altars:
Makhleb
Trog
Wu Jian

Annotations:
D:3 1 runed translucent door, Destinykillz's ghost, amateur DsCj
D:5 1 transporter, willcat's ghost, amateur HuMo


Innate Abilities, Weirdness & Mutations

Your demonic aura sometimes causes spilled blood to erupt in flames.
You are partially covered in sharp spines.
You are mostly covered in razor-sharp scales. (AC +2, Slay +2)
Your touch may inflict irresistible damage on your foes.


Message History

The orc shouts!
The orc warrior hits you from afar with a +0 trident.
You shoot a sling bullet.
The sling bullet closely misses the orc warrior.
The orc priest shouts!
The orc warrior hits you from afar with a +0 trident!
The orc priest invokes the aid of Beogh against you.
Beogh smites you!
The orc warrior hits you but does no damage.
The orc priest mumbles some strange prayers to Beogh against you.
Beogh smites you!
You are too injured to fight recklessly!
You are too injured to fight recklessly!
You are too injured to fight recklessly!
You are too injured to fight recklessly!
You are too injured to fight recklessly!
You are too injured to fight recklessly!
You are too injured to fight recklessly!
You are too injured to fight recklessly!
You are too injured to fight recklessly!
You are too injured to fight recklessly!
You are too injured to fight recklessly!
You are too injured to fight recklessly!
You are too injured to fight recklessly!
You are too injured to fight recklessly!
You are too injured to fight recklessly!
You are too injured to fight recklessly!
You are too injured to fight recklessly!
You are too injured to fight recklessly!
You are too injured to fight recklessly!
You are too injured to fight recklessly!
There is an open door here.
The orc priest mumbles some strange prayers to Beogh against you.
Beogh smites you!
* * * LOW HITPOINT WARNING * * *
There is an open door here.
As you read the scroll of teleportation, it crumbles to dust.
You feel strangely unstable.
The orc warrior hits you from afar with a +0 trident.
You die...

##########################
#.................#......#
#.................#..)...#
#.................#......#
#.................#......#
#.................'......#
#########...###.@.##.########
........#######...##.##...######
........#.....o...........'....#
........#.....#...........#..>.#
........#.....#...........#....#
........'o....#...........#....#
........#####################..#
#####.................. ####
#...#....o.............


You could see an orc warrior and an orc priest.

Vanquished Creatures
  A gargoyle (D:7)
  A steam dragon (D:6)
  3 water moccasins
  A sky beast (D:6)
  An ice beast (D:6)
  A black bear (D:5)
  A necrophage (D:4)
  An ogre (D:5)
  2 bullfrogs
  A scorpion (D:5)
  A water moccasin skeleton (D:5)
  A bullfrog zombie (D:6)
  3 centaur zombies
  4 hounds
  An orc priest (D:4)
  2 centaur skeletons (D:6)
  Natasha (thrice) (D:3)
  2 bullfrog skeletons
  4 iguanas
  An orc wizard (D:4)
  A hound zombie (D:5)
  A hound skeleton (D:4)
  4 adders
  An ufetubus (D:6)
  2 adder skeletons (D:4)
  2 dart slugs
  6 orcs
  4 bats
  10 endoplasms
  4 giant cockroaches
  7 hobgoblins
  5 jackals
  4 kobolds
  3 quokkas
  5 ball pythons
  2 frilled lizards (D:1)
  10 goblins
  5 rats
111 creatures vanquished.

Notes
Turn   | Place    | Note
-------+----------+-------------------------------------------
     0 | D:1      | dolemite99 the Demonspawn Gladiator began the quest for the
                  | Orb.
     0 | D:1      | Reached XP level 1. HP: 16/16 MP: 1/1
   195 | D:1      | Reached skill level 3 in Polearms
   370 | D:1      | Gained mutation: Your demonic aura sometimes causes spilled
                  | blood to erupt in flames. [demonic ancestry]
   370 | D:1      | Reached XP level 2. HP: 22/22 MP: 2/2
   856 | D:2      | Gained mutation: Your touch may inflict minor irresistible
                  | damage on your foes. [demonic ancestry]
   856 | D:2      | Reached XP level 3. HP: 27/27 MP: 3/3
   924 | D:2      | Reached skill level 4 in Polearms
  1218 | D:2      | Reached XP level 4. HP: 33/33 MP: 4/4
  1368 | D:2      | Found a faded altar of an unknown god.
  1409 | D:2      | Prayed at the altar of an unknown god.
  1409 | D:2      | Became a worshipper of Makhleb the Destroyer
  1409 | D:2      | Reached * piety under Makhleb
  1518 | D:3      | Noticed Natasha
  1522 | D:3      | Killed Natasha
  1587 | D:3      | Found a runed translucent door.
  1600 | D:3      | Noticed Natasha
  1611 | D:3      | Killed Natasha
  1612 | D:3      | Reached skill level 5 in Polearms
  1773 | D:3      | Noticed Natasha
  1781 | D:3      | Killed Natasha
  1782 | D:3      | Gained mutation: Your touch may inflict irresistible damage
                  | on your foes. [demonic ancestry]
  1782 | D:3      | Reached XP level 5. HP: 34/38 MP: 5/5
  1936 | D:3      | Noticed Destinykillz's ghost (amateur DsCj)
  2093 | D:4      | Noticed a necrophage
  2125 | D:4      | Killed a necrophage
  2126 | D:4      | Reached skill level 6 in Polearms
  2126 | D:4      | Gained mutation: You are partially covered in razor-sharp
                  | scales. (AC +1, Slay +1) [demonic ancestry]
  2126 | D:4      | Reached XP level 6. HP: 40/44 MP: 6/6
  2309 | D:4      | Reached ** piety under Makhleb
  2712 | D:4      | Reached skill level 7 in Polearms
  2889 | D:4      | Found a bloodstained altar of Trog.
  2975 | D:5      | Entered Level 5 of the Dungeon
  3016 | D:5      | Noticed willcat's ghost (amateur HuMo)
  3017 | D:5      | Found a transporter.
  3139 | D:5      | Gained mutation: You are partially covered in sharp spines.
                  | [demonic ancestry]
  3139 | D:5      | Reached XP level 7. HP: 50/50 MP: 7/7
  3211 | D:5      | Found a staircase to the Ecumenical Temple.
  3227 | D:5      | Reached skill level 8 in Polearms
  4236 | D:5      | Reached skill level 9 in Polearms
  4236 | D:5      | Gained mutation: You are mostly covered in razor-sharp
                  | scales. (AC +2, Slay +2) [demonic ancestry]
  4236 | D:5      | Reached XP level 8. HP: 56/56 MP: 8/8
  4805 | D:6      | Reached skill level 10 in Polearms
  5979 | D:7      | Identified the +3 hunting sling of Pandemonium {venom,
                  | Str+3 Dex+5}
  6005 | D:7      | Found a flagged portal.
  6046 | D:7      | Found an ornate altar of the Wu Jian Council.
  6088 | D:7      | Reached skill level 1 in Invocations
  6113 | D:7      | Noticed a gargoyle
  6138 | D:7      | Killed a gargoyle
  6139 | D:7      | Reached XP level 9. HP: 22/61 MP: 9/11
  6518 | D:6      | Slain by an orc warrior

Illustrated notes

Levels and vault maps discovered:
D:1:      nicolae_arrival_memento_mori, layout_basic, minivault_24
D:2:      layout_rooms, hellmonk_ecumenical_altar_lost_god
D:3:      layout_rooms, ebering_ghost_reflecting_pool, uniq_natasha
D:4:      layout_basic, lightli_temple_of_fire
D:5:      layout_loops_cross, minmay_temple_entry_mist, gammafunk_ghost_smash
D:6:      layout_gridville
D:7:      layout_cave_pools, nicolae_overflow_crystal_walls, enter_bailey_3,
          gammafunk_ghost_grave, serial_shops, nicolae_shop_stone

Skill      XL: |  1  2  3  4  5  6  7  8  9 |
---------------+----------------------------+-----
Polearms       | 3 4 5 6 7 9 10 | 10.6
Invocations    | 3 4 |  4.0
Slings         | 2 |  2.6
Fighting       | |  2.0
Throwing       | |  1.7
Dodging        | |  2.6

Action                   |  1- 3 |  4- 6 |  7- 9 || total
-------------------------+-------+-------+-------++-------
Melee: Trident           |    94 |   154 |   117 ||   365
       Touch             |     7 |    22 |    19 ||    48
       Punch             |       |     1 |     2 ||     3
 Fire: Hunting sling     |       |       |    28 ||    28
  Use: Scroll            |       |     8 |     3 ||    11
       Potion            |       |       |     4 ||     4
 Stab: Sleeping          |     3 |       |       ||     3
Armor: Leather armour    |    22 |     3 |       ||    25
       Ring mail         |       |    48 |       ||    48
       Chain mail        |       |    12 |    66 ||    78
Dodge: Dodged            |    42 |    89 |    41 ||   172

Table legend: (Time is in decaauts)
 A = Elapsed time spent in this place.
 B = Non-inter-level travel time spent in this place.
 C = Inter-level travel time spent in this place.
 D = Time resting spent in this place.
 E = Time spent auto-exploring this place.
 F = Levels seen in this place.
 G = Mean time per level.
                   A        B        C        D        E       F      G
               +--------+--------+--------+--------+--------+-----+--------+
         Total |   6519 |   6346 |    173 |   1842 |   3283 |   7 |  931.3 |
       Dungeon |   6519 |   6346 |    173 |   1842 |   3283 |   7 |  931.3 |
               +--------+--------+--------+--------+--------+-----+--------+

Top non-repeatable levels by time:
     D:5: 2078 daAuts
     D:4: 971 daAuts
     D:1: 861 daAuts
     D:6: 825 daAuts
     D:2: 668 daAuts
     D:7: 612 daAuts
     D:3: 500 daAuts
